Map: Acropolis LE

Players

TLO

  • Race: Zerg Zerg
  • Spawn Location: 5:00

Elazer - Winner!

  • Race: Zerg Zerg
  • Spawn Location: 11:00

VOD

Have the link to the VOD?

Description

Time

  • Played on: Sept. 6, 2019, 4:39 p.m.
  • Length: 12:46
Show
View Real Time Build Order
Export as new Build Order

TLO Zerg 

Build Orders: 3 Hatch before Pool 

Get SALT Encoding   

  12  0:01  Drone  
  13  0:12  Overlord  
  13  0:17  Drone  
  14  0:31  Drone x2  
  16  0:36  Drone  
  17  0:51  Hatchery  
  17  0:54  Drone  
  17  1:02  Drone  
  18  1:17  Hatchery  
  17  1:20  Drone  
  18  1:33  Spawning Pool  
  18  1:37  Drone  
  18  1:39  Drone  
  19  1:42  Drone  
  20  1:49  Drone  
  21  2:04  Drone  
  21  2:05  Drone  
  23  2:12  Drone  
  24  2:15  Overlord  
  24  2:20  Queen x2  
  28  2:29  Queen  
  28  2:30  Drone x2  
  28  2:31  Drone  
  28  2:34  Drone  
  34  2:38  Overlord  
  34  2:40  Zergling x2  
  35  2:46  Spine Crawler  
  35  2:47  Drone  
  35  2:49  Drone  
  36  2:53  Drone  
  36  2:54  Drone  
  38  3:00  Queen  
  38  3:01  Drone  
  38  3:03  Drone  
  42  3:08  Drone  
  42  3:10  Queen  
  45  3:13  Overlord  
  45  3:17  Extractor x2  
  45  3:19  Drone  
  44  3:20  Drone  
  44  3:21  Drone  
  46  3:28  Drone  
  46  3:30  Drone  
  46  3:33  Roach Warren  
  47  3:34  Drone  
  47  3:37  Drone  
  47  3:39  Evolution Chamber  
  47  3:40  Drone x3  
  50  3:44  Evolution Chamber  
  50  3:45  Evolution Chamber  
  50  3:46  Drone  
  50  3:49  Drone  
  50  3:50  Drone  
  50  3:52  Drone x2  
  54  3:58  Drone  
  54  3:59  Drone  
  54  4:01  Drone  
  54  4:02  Overlord  
  57  4:03  Drone  
  57  4:09  Overlord  
  58  4:10  Lair  
  58  4:17  Overlord  
  58  4:19  Overlord, Extractor  
  58  4:20  Drone  
  58  4:21  Drone x2, Extractor  
  58  4:22  Drone  
  60  4:24  Drone  
  60  4:25  Drone  
  60  4:27  Drone  
  60  4:28  Drone  
  60  4:29  Drone  
  60  4:30  Drone  
  66  4:33  Drone x2  
  66  4:36  Overlord  
  69  4:38  Drone  
  69  4:40  Zerg Missile Weapons Level 1  
  69  4:41  Drone  
  69  4:43  Drone  
  69  4:45  Drone  
  72  4:46  Extractor x2  
  72  4:50  Pneumatized Carapace  
  72  4:51  Drone  
  72  4:52  Drone  
  72  4:53  Drone  
  72  4:55  Roach x2  
  72  4:56  Roach  
  79  5:02  Roach x2  
  79  5:03  Roach  
  79  5:06  Roach  
  87  5:10  Glial Reconstitution  
  87  5:13  Drone  
  88  5:16  Drone  
  88  5:18  Overseer  
  88  5:20  Roach  
  93  5:21  Roach  
  93  5:24  Roach  
  93  5:25  Roach  
  97  5:28  Overlord  
  97  5:29  Overlord  
  97  5:30  Extractor  
  97  5:31  Zerg Ground Armor Level 1  
  97  5:33  Overlord  
  97  5:35  Roach  
  98  5:41  Overlord, Hatchery  
  98  5:46  Overlord  
  98  5:48  Spire, Roach  
  99  5:51  Drone x2  
  99  5:53  Roach  
  99  5:54  Drone  
  99  5:55  Roach  
  106  5:57  Roach  
  106  5:59  Overlord  
  106  6:01  Roach  
  106  6:03  Roach  
  112  6:06  Roach x2  
  116  6:12  Roach x2  
  116  6:13  Overlord  
  116  6:14  Roach  
  116  6:15  Roach  
  124  6:19  Roach  
  124  6:20  Queen  
  124  6:23  Drone  
  124  6:25  Roach x2  
  133  6:26  Roach  
  133  6:29  Spore Crawler  
  133  6:31  Spore Crawler  
  133  6:36  Zerg Missile Weapons Level 2  
  133  6:38  Roach  
  133  6:39  Spore Crawler  
  134  6:43  Drone  
  135  6:48  Roach  
  135  6:49  Overlord  
  135  6:50  Roach x2  
  135  6:51  Overlord  
  141  6:56  Spore Crawler  
  141  6:57  Roach  
  141  6:58  Drone x2  
  141  7:00  Drone x4  
  145  7:02  Drone x3  
  145  7:05  Overlord  
  145  7:07  Roach  
  149  7:12  Roach  
  149  7:13  Roach x2  
  154  7:16  Drone, Roach  
  154  7:18  Roach  
  154  7:20  Roach  
  154  7:21  Roach  
  160  7:23  Roach  
  160  7:27  Roach  
  160  7:28  Overlord  
  164  7:33  Roach x2  
  164  7:36  Roach  
  170  7:37  Overlord  
  170  7:40  Overlord  
  170  7:42  Overlord  
  170  7:45  Overlord  
  170  7:48  Roach x2  
  170  7:50  Corruptor  
  176  7:56  Roach  
  178  7:59  Roach x2  
  178  8:00  Roach  
  178  8:01  Spore Crawler, Roach x2  
  178  8:05  Roach  
  189  8:06  Roach x2  
  189  8:08  Roach  
  189  8:11  Roach x2  
  199  8:15  Overlord  
  199  8:16  Infestation Pit  
  199  8:17  Overlord  
  199  8:19  Overseer  
  198  8:20  Overseer x2  
  198  8:21  Overseer  
  198  8:39  Roach  
  174  8:42  Roach x12  
  174  8:47  Roach x2  
  186  8:48  Roach x2  
  186  8:49  Roach  
  186  8:52  Roach  
  186  8:53  Roach  
  186  8:55  Roach  
  156  8:58  Roach x2  
  156  8:59  Roach  
  156  9:00  Roach  
  156  9:02  Roach  
  134  9:03  Roach  
  134  9:04  Roach  
  134  9:06  Roach  
  134  9:09  Roach x2  
  144  9:11  Roach  
  144  9:15  Corruptor  
  150  9:17  Roach  
  150  9:19  Roach x2  
  150  9:20  Roach  
  150  9:22  Roach  
  158  9:27  Hive  
  158  9:28  Roach  
  158  9:31  Roach  
  162  9:33  Roach  
  162  9:34  Roach  
  162  9:36  Roach  
  168  9:39  Roach  
  168  9:41  Roach x2  
  168  9:43  Roach  
  168  9:45  Roach x2  
  172  9:50  Roach x2  
  176  9:53  Overlord  
  176  10:00  Roach  
  176  10:04  Roach  
  168  10:09  Overlord  
  168  10:10  Overlord  
  168  10:15  Overlord x2  
  168  10:20  Overlord x3  
  168  10:22  Zerg Ground Armor Level 2  
  168  10:23  Overlord  
  170  10:28  Roach x2  
  170  10:33  Roach  
  170  10:34  Roach  
  170  10:35  Roach x3  
  178  10:36  Roach x3  
  178  10:41  Roach  
  186  10:44  Roach  
  186  10:46  Roach  
  186  10:47  Ravager x4  
  186  10:48  Ravager  
  195  10:54  Roach x2  
  199  10:59  Roach  
  199  11:07  Roach  
  199  11:08  Roach x2  
  197  11:13  Roach  
  197  11:14  Roach  
  197  11:16  Roach  
  189  11:22  Roach x2  
  189  11:25  Roach x7  
  193  11:37  Overlord x2  
  193  11:38  Overlord x4  
  187  11:42  Overlord x2  
  187  11:45  Overlord x2  
  167  11:48  Roach x2  
  167  11:49  Roach  
  167  11:53  Roach  
  155  11:58  Roach  
  155  11:59  Roach  
  155  12:00  Roach  
  155  12:04  Roach  
  155  12:06  Ravager x2  
  159  12:09  Roach x2  
  159  12:10  Ravager  
  159  12:11  Roach  
  159  12:12  Extractor  
  159  12:13  Extractor  
  159  12:14  Spine Crawler  
  163  12:16  Roach, Spine Crawler x2  
  163  12:21  Roach  
  163  12:22  Roach x2  
  167  12:25  Roach  
  167  12:26  Roach x2  
Show
View Real Time Build Order
Export as new Build Order

Elazer Zerg - Winner!

Build Orders: Hatch First, Roach Hydra 

Get SALT Encoding   

  12  0:00  Drone  
  13  0:12  Overlord  
  13  0:16  Drone  
  14  0:30  Drone x2  
  16  0:47  Hatchery  
  15  0:51  Drone  
  15  0:54  Drone  
  17  0:58  Drone  
  18  1:08  Extractor  
  17  1:12  Spawning Pool  
  17  1:16  Drone  
  17  1:19  Drone  
  18  1:28  Drone  
  19  1:38  Drone  
  20  1:49  Drone  
  21  1:58  Queen  
  21  1:59  Drone, Queen  
  21  2:00  Overlord  
  26  2:08  Metabolic Boost  
  26  2:13  Drone x2  
  28  2:20  Drone  
  28  2:21  Drone  
  30  2:31  Drone  
  30  2:34  Hatchery  
  30  2:37  Drone  
  30  2:42  Drone  
  32  2:44  Overlord  
  32  2:53  Zergling x2  
  32  2:54  Zergling x2  
  34  2:58  Baneling Nest  
  34  3:03  Drone  
  34  3:04  Drone  
  35  3:06  Drone x2  
  35  3:07  Drone x2  
  35  3:09  Zergling x2  
  40  3:13  Overlord  
  40  3:16  Drone  
  40  3:18  Drone  
  42  3:27  Queen  
  42  3:32  Drone x2  
  46  3:40  Drone  
  46  3:41  Drone x2  
  47  3:42  Drone x3  
  47  3:45  Overlord  
  47  3:48  Drone  
  52  3:49  Drone  
  52  3:50  Lair  
  52  3:52  Evolution Chamber, Drone  
  52  3:54  Drone  
  54  3:58  Drone  
  55  4:08  Drone x3, Extractor  
  55  4:09  Extractor  
  56  4:12  Roach Warren  
  55  4:18  Overlord  
  55  4:19  Drone x6  
  55  4:21  Drone x2  
  63  4:30  Overlord  
  63  4:31  Drone  
  63  4:32  Drone  
  63  4:33  Extractor  
  63  4:34  Zerg Missile Weapons Level 1  
  64  4:40  Extractor  
  63  4:46  Drone x5  
  63  4:50  Extractor  
  63  4:51  Overlord, Spire  
  63  4:52  Drone x6  
  72  4:54  Drone x2  
  74  5:00  Overlord  
  74  5:06  Drone  
  75  5:08  Overlord  
  75  5:15  Overlord  
  75  5:18  Drone x2, Hatchery  
  75  5:20  Roach x6  
  88  5:22  Overseer  
  88  5:23  Overlord  
  88  5:35  Overlord  
  88  5:36  Glial Reconstitution  
  88  5:47  Roach x2  
  91  5:52  Drone x6  
  97  6:04  Mutalisk x7  
  111  6:12  Mutalisk  
  111  6:14  Overlord  
  111  6:16  Drone  
  111  6:18  Roach x2, Extractor  
  118  6:19  Extractor  
  118  6:21  Roach x6  
  118  6:22  Overlord x4  
  128  6:31  Zerg Missile Weapons Level 2  
  128  6:32  Evolution Chamber  
  127  6:39  Overlord  
  127  6:42  Roach x7  
  141  6:51  Overlord  
  141  6:52  Roach x7  
  153  7:03  Overlord  
  155  7:10  Overlord, Drone  
  155  7:11  Hydralisk Den  
  151  7:21  Roach x5  
  151  7:22  Roach x2  
  163  7:26  Zerg Ground Armor Level 1  
  163  7:37  Drone  
  163  7:39  Infestation Pit  
  163  7:41  Hydralisk x11  
  185  7:45  Grooved Spines  
  185  7:52  Hydralisk  
  185  7:53  Hydralisk x3  
  193  8:11  Drone, Lurker Den  
  193  8:12  Drone x2  
  195  8:16  Spore Crawler  
  195  8:18  Hive  
  194  8:20  Tunneling Claws, Hydralisk  
  194  8:21  Hydralisk, Burrow  
  194  8:24  Hatchery  
  197  8:38  Roach x10  
  194  8:46  Roach x4  
  186  8:52  Roach x4  
  169  8:57  Roach x3  
  161  9:04  Roach x3  
  167  9:13  Hydralisk  
  167  9:14  Hydralisk x3  
  167  9:16  Muscular Augments  
  175  9:31  Roach x8  
  191  9:43  Zerg Missile Weapons Level 3  
  191  9:44  Zerg Ground Armor Level 2  
  191  9:48  Roach x4  
  179  10:10  Hydralisk x10  
  179  10:13  Adaptive Talons  
  189  10:23  Lurker x3  
  192  10:30  Spine Crawler  
  192  10:31  Spine Crawler  
  192  10:34  Hydralisk  
  192  10:35  Hydralisk x3  
  192  10:38  Spine Crawler  
  192  10:40  Hydralisk x2  
  192  10:41  Spine Crawler  
  189  11:04  Roach  
  189  11:05  Roach x6  
  197  11:14  Overseer  
  197  11:18  Roach x9  
  197  11:23  Roach x4  
  195  11:31  Roach  
  195  11:32  Roach  
  193  11:42  Drone  
  193  11:43  Drone, Lurker Den  
  186  11:49  Roach x8  
  200  12:00  Roach x4  
  200  12:06  Extractor  
Tags
 
Add a new tag
Caveats
  • Supply blocks, unpowered buildings, or Contaminate may cause inaccurate times.
  • Supply counts are checked every 10 seconds.